 Dungeon Crawl Stone Soup version 0.26-a0-1147-g3780a7a11b (webtiles) character file.

Game seed: 8230516417677939355

30 Dracia the Grasshopper (level 3, 0/27 HPs)
             Began as a Demonspawn Warper on Dec 22, 2020.
             Succumbed to an adder's poison
             ... on level 2 of the Dungeon.
             The game lasted 00:01:23 (1290 turns).

Dracia the Grasshopper (Demonspawn Warper)          Turns: 1290, Time: 00:01:23

Health: 0/27       AC:  3    Str: 11 (12) XL:     3   Next: 3%
Magic:  6/6        EV: 11    Int: 13 (14) God:
Gold:   36         SH:  0    Dex: 11 (12) Spells: 5/7 levels left

rFire    . . .     SeeInvis .   i - +0 spear
rCold    + . .     Faith    .   (no shield)
rNeg     . . .     Spirit   .   b - +0 leather armour
rPois    .         Reflect  .   (no helmet)
rElec    .         Harm     .   (no cloak)
rCorr    .         Rampage  .   (no gloves)
Will     .....                  (no boots)
Stlth    +.........             (no amulet)
HPRegen  0.09/turn              C - ring of protection from cold
MPRegen  0.10/turn              (no ring)

@: lethally poisoned (0 -> -7), attractive
A: demonic guardian 1, powered by death 1
a: no special abilities


You were on level 2 of the Dungeon.
You visited 1 branch of the dungeon, and saw 2 of its levels.

You collected 36 gold pieces.


Innate Abilities, Weirdness & Mutations

A weak demonic guardian rushes to your aid.
You regenerate a little health from kills.


   Skills:
 - Level 2.0 Fighting
 - Level 1.7 Short Blades
 * Level 0.9 Polearms
 - Level 0.8 Throwing
 - Level 0.8 Armour
 - Level 1.7 Dodging
 + Level 2.5 Spellcasting
 + Level 3.1 Translocations


You had 5 spell levels left.
You knew the following spells:

 Your Spells              Type           Power        Failure   Level
I - Blink                 Tloc           N/A          13%         2

Your spell library contained the following spells:

 Spells                   Type           Power        Failure   Level
 Gell's Gravitas          Tloc           4%           26%         3
 Lesser Beckoning         Tloc           4%           26%         3
 Teleport Other           Tloc           9%           26%         3
 Passage of Golubria      Tloc           N/A          63%         4

Inventory:

Hand Weapons
 a - a +0 short sword
 i - a +0 spear (weapon)
Missiles
 e - 5 boomerangs of dispersal (quivered) {=f=f}
Armour
 b - a +0 leather armour (worn)
Jewellery
 C - a ring of protection from cold (left hand)
Scrolls
 c - a scroll of identify {unknown}
 d - a scroll of blinking
 f - a scroll of remove curse {unknown}
 g - a scroll of teleportation {unknown}
 h - a scroll of enchant armour {unknown}
 j - a scroll of magic mapping {unknown}
Potions
 k - a potion of attraction

Dungeon Overview and Level Annotations

Branches:
Dungeon (2/15)

Altars:

..# ##.. #w.
#.# #.# ##5#
###S.# #.w.##
#@###
#...........
.......###...##
......# ..#
...... .#
....<. .. #####
#


You could see a worm, an adder and a friendly ufetubus (summoned).


Message History

You feel attractive to monsters.
* * * LOW HITPOINT WARNING * * *
You feel sick. The adder misses you.
* * * LOW HITPOINT WARNING * * *
You feel sick.
Your ufetubus closely misses the adder.
Your ufetubus completely misses the adder.
The adder closely misses your ufetubus.
Your ufetubus barely misses the adder.
Your ufetubus hits the adder.
It was a potion of degeneration.
There was something very wrong with that liquid.
You feel weakened.
You feel dopey.
You feel clumsy.
The adder bites your ufetubus but does no damage.
Your ufetubus hits the adder.
Your ufetubus completely misses the adder.
The adder bites your ufetubus.
* * * LOW HITPOINT WARNING * * *
You feel sick.
Your ufetubus misses the adder.
Your ufetubus barely misses the adder.
The adder bites your ufetubus but does no damage.
Your ufetubus closely misses the adder.
Your ufetubus hits the adder. The worm is pulled toward you!
* * * LOW HITPOINT WARNING * * *
You feel sick. Something closely misses your ufetubus.
Your ufetubus barely misses the worm.
Your ufetubus hits the worm. The worm is pulled toward you!
Your ufetubus misses the adder.
Your ufetubus barely misses the adder.
The adder is pulled toward you!
There is a stone staircase leading up here.
There are no items here.
You die...

Skill      XL: |  1 |
---------------+----+-----
Translocations | 3 |  3.1
Fighting       | |  2.0
Short Blades   | |  1.7
Polearms       | |  0.9
Throwing       | |  0.8
Armour         | |  0.8
Dodging        | |  1.7
Spellcasting   | |  2.5

Action                   || total
-------------------------++-------
Melee: Short sword       ||    31
       Spear             ||    62
  Use: Potion            ||     2
Armor: Leather armour    ||    32
Dodge: Dodged            ||    59

Levels and vault maps discovered:
D:1:      dpeg_arrival_shrine, layout_basic
D:2:      layout_rooms, uniq_natasha

Notes
Turn   | Place    | Note
-------+----------+-------------------------------------------
     0 | D:1      | Dracia the Demonspawn Warper began the quest for the Orb.
     0 | D:1      | Reached XP level 1. HP: 16/16 MP: 3/3
   209 | D:1      | Reached skill level 3 in Translocations
   218 | D:1      | Gained mutation: A weak demonic guardian rushes to your
                  | aid. [demonic ancestry]
   218 | D:1      | Reached XP level 2. HP: 22/22 MP: 5/5
   391 | D:1      | Learned a level 2 spell: Blink
  1207 | D:1      | Gained mutation: You regenerate a little health from kills.
                  | [demonic ancestry]
  1207 | D:1      | Reached XP level 3. HP: 26/27 MP: 6/6
  1285 | D:2      | HP: 2/27 [poisoned by an adder]
  1290 | D:2      | Succumbed to an adder's poison

Vanquished Creatures
  2 dart slugs (D:1)
  A leopard gecko (D:1)
  A giant cockroach (D:1)
  A goblin (D:1)
  5 hobgoblins (D:1)
  A ball python (D:1)
  7 bats (D:1)
  2 frilled lizards (D:1)
  4 rats (D:1)
24 creatures vanquished.

Table legend: (Time is in decaauts)
 A = Elapsed time spent in this place.
 B = Non-inter-level travel time spent in this place.
 C = Inter-level travel time spent in this place.
 D = Time resting spent in this place.
 E = Time spent auto-exploring this place.
 F = Levels seen in this place.
 G = Mean time per level.
                   A        B        C        D        E       F      G
               +--------+--------+--------+--------+--------+-----+--------+
         Total |   1295 |   1269 |     26 |      0 |   1075 |   2 |  647.5 |
       Dungeon |   1295 |   1269 |     26 |      0 |   1075 |   2 |  647.5 |
               +--------+--------+--------+--------+--------+-----+--------+

Top non-repeatable levels by time:
     D:1: 1271 daAuts
     D:2: 23 daAuts

Table legend:
 A = Non-vault XP
 B = Vault XP
 C = Vault XP percentage of total XP
 D = Non-vault monster count
 E = Vault monster count
 F = Vault count percentage of total count
                 A         B        C        D         E       F
            +---------+---------+-------+---------+---------+-------
      Total |      43 |       0 |   0.0 |      24 |       0 |   0.0
            +---------+---------+-------+---------+---------+-------
        D:1 |      43 |       0 |   0.0 |      24 |       0 |   0.0
            +---------+---------+-------+---------+---------+-------
